 Dungeon Crawl Stone Soup version 0.32-a0-798-gfa783ce77f (webtiles) character file.

Game seed: 7291610809097241005

14413 NormalPerson7 the Arsonist (level 12, -6/88 HPs)
             Began as a Human Fire Elementalist on Mar 20, 2024.
             Was an Elder of Vehumet.
             Mangled by a skeletal warrior
             ... wielding a +0 scimitar
              (21 damage)
             ... on level 11 of the Dungeon on Mar 21, 2024.
             The game lasted 01:57:35 (17408 turns).

NormalPerson7 the Arsonist (HuFE)                  Turns: 17408, Time: 01:57:36

Health: -6/88      AC:  6    Str: 10    XL:     12   Next: 16%
Magic:  1/21       EV: 12    Int: 19    God:    Vehumet [****..]
Gold:   405        SH:  0    Dex: 14    Spells: 4/23 levels left

rFire   . . .        b - +8 sling of Compassion {speed, rElec}
rCold   + + .        (no shield)
rNeg    . . .        M - +0 steam dragon scales
rPois   .            (no helmet)
rElec   +            (no cloak)
rCorr   .            o - +0 pair of gloves
SInv    .            (no boots)
Will    .....        O - amulet of regeneration
Stlth   ++           C - ring of protection from cold
HPRegen 1.14/turn    A - ring of protection from cold
MPRegen 0.17/turn

%: no passive effects
@: no status effects
A: explore regen
a: Renounce Religion


You were on level 11 of the Dungeon.
You worshipped Vehumet.
Vehumet was greatly pleased with you.
You visited 2 branches of the dungeon, and saw 12 of its levels.

You collected 480 gold pieces.
You spent 75 gold pieces at shops.

Inventory:

Hand Weapons
 b - the +8 sling of Compassion (weapon) {speed, rElec}
   (You found it on level 5 of the Dungeon)

   rElec:     It insulates you from electricity.
 n - a +4 dagger of venom
Missiles
 i - 48 poisoned darts
 j - 4 silver javelins
 m - 4 throwing nets {!f}
 v - 5 atropa-tipped darts
 D - 3 boomerangs
 N - 7 curare-tipped darts (quivered)
Armour
 g - a +0 robe
 o - a +0 pair of gloves (worn)
 K - +0 acid dragon scales
 M - +0 steam dragon scales (worn)
Magical Staves
 a - a staff of conjuration
Jewellery
 A - a ring of protection from cold (right hand)
 C - a ring of protection from cold (left hand)
 L - a ring of ice
 O - an amulet of regeneration (around neck)
Wands
 y - a wand of charming (12)
 F - a wand of light (18)
 H - a wand of flame (24)
 I - a wand of iceblast (9)
 P - a wand of digging (3)
Scrolls
 d - 3 scrolls of noise
 h - 3 scrolls of amnesia
 p - a scroll of revelation
 q - 2 scrolls of blinking {unknown}
 r - a scroll of fog {unknown}
 s - 4 scrolls of vulnerability
 t - 3 scrolls of teleportation
 w - a scroll of enchant armour {unknown}
 z - 3 scrolls of enchant weapon
 G - 2 scrolls of silence
Potions
 c - 2 potions of curing
 e - a potion of berserk rage {unknown}
 f - a potion of haste
 k - 2 potions of attraction
 l - a potion of cancellation
 u - a potion of resistance {unknown}
 x - a potion of ambrosia
 B - 3 potions of magic
 E - a potion of enlightenment {unknown}
 J - 2 potions of mutation


   Skills:
 - Level 6.0 Fighting
 - Level 3.3 Dodging
 - Level 2.0 Stealth
 - Level 6.0 Spellcasting
 - Level 10.0 Conjurations
 - Level 3.0 Translocations
 - Level 11.8 Fire Magic
 + Level 6.3 Air Magic
 - Level 4.0 Evocations


You had 4 spell levels left.
You knew the following spells:

 Your Spells              Type           Power      Damage    Failure   Level
a - Foxfire               Conj/Fire      100%       2x1d9     1%          1
b - Volatile Blastmotes   Fire/Tloc      66%        2d15      1%          3
c - Scorch                Fire           100%       2d9       1%          2
t - Starburst             Conj/Fire      23%        6d8       5%          6
w - Flame Wave            Conj/Fire      47%        2d12      1%          4
x - Stone Arrow           Conj/Erth      48%        3d10      1%          3

Your spell library contained the following spells:

 Spells                   Type           Power      Damage    Failure   Level
 Ignite Poison            Fire/Alch      28%        N/A       2%          4
 Inner Flame              Hex/Fire       28%        N/A       1%          3
 Iskenderun's Mystic Bla  Conj/Tloc      30%        2d8       2%          4
 Sticky Flame             Fire/Alch      28%        2d7       2%          4
 Lesser Beckoning         Tloc           34%        N/A       4%          2
 Gell's Gravitas          Tloc           17%        N/A       10%         3
 Teleport Other           Tloc           17%        N/A       10%         3
 Slow                     Hex            20%        N/A       11%         1
 Call Imp                 Summ           10%        N/A       17%         2
 Sublimation of Blood     Necr           5%         N/A       17%         2
 Confusing Touch          Hex            5%         N/A       32%         3
 Sigil of Binding         Hex            5%         N/A       32%         3
 Tukima's Dance           Hex            5%         N/A       32%         3
 Vampiric Draining        Necr           5%         2d6       32%         3
 Dimensional Bullseye     Hex/Tloc       5%         N/A       52%         4
 Plasma Beam              Fire/Air       20%        2x1d32    11%         6
 Summon Forest            Summ/Tloc      5%         N/A       86%         5
 Alistair's Intoxication  Alch           3%         N/A       97%         5
 Borgnjor's Vile Clutch   Necr/Erth      2%         N/A       97%         5
 Eringya's Noxious Bog    Alch           2%         4d6       98%         6
 Death Channel            Necr           2%         N/A       100%        6
 Sculpt Simulacrum        Ice/Alch       2%         N/A       100%        6
 Summon Hydra             Summ           2%         N/A       100%        7


Dungeon Overview and Level Annotations

Branches:
Dungeon (11/15)            Temple (1/1) D:6             Orc (0/2) D:10
   Lair: D:8-11

Altars:
Ashenzari
Cheibriados
Dithmenos
Elyvilon
Fedhas
Gozag
Hepliaklqana
Kikubaaqudgha
Makhleb
Nemelex Xobeh
Okawaru
Qazlal
Ru
Sif Muna
Trog
Uskayaw
Vehumet
Wu Jian
Xom
Yredelemnul
Zin
The Shining One

Shops:
D:7 [   D:8 (   D:9 *   D:10 :

Annotations:
D:6 Grinder
D:9 exclusion: 3 doors, Gastronok


Innate Abilities, Weirdness & Mutations

You regain HP and MP as you explore.


Message History

Confirm with . or Enter, or press ? or * to list all spells.
Flames lash the skeletal warrior.
The skeletal warrior is severely damaged.
The skeletal warrior's fire resistance burns away.
The skeletal warrior hits you with a +0 scimitar.
Aiming: Bolt of Light
Press: ? - help, Shift-Dir - straight line, f/p - skeletal warrior
Aim: a skeletal warrior, wielding a +0 scimitar (severely damaged, more vulnerable to fire, 74% to hit)
The bolt of light hits the skeletal warrior.
The skeletal warrior is almost destroyed.
The skeletal warrior hits you with a +0 scimitar!!
* * * LOW HITPOINT WARNING * * *
Press: ? - help, v - describe, . - travel
Here: a skeletal warrior, wielding a +0 scimitar (almost destroyed, more vulnerable to fire)
The floor, spattered with blood.
Okay, then.
Unknown command.
Okay, then.
Unknown command.
Press: ? - help, v - describe, . - travel
Here: a skeletal warrior, wielding a +0 scimitar (almost destroyed, more vulnerable to fire)
The floor, spattered with blood.
Unknown command.
Unknown command.
Press: ? - help, v - describe, . - travel
Here: a skeletal warrior, wielding a +0 scimitar (almost destroyed, more vulnerable to fire)
The floor, spattered with blood.
Unknown command.
Casting: Scorch (safe; 1% risk of failure)
Confirm with . or Enter, or press ? or * to list all spells.
Flames lash the skeletal warrior but do no damage.
The skeletal warrior misses you.
Aiming: Iceblast
Press: ? - help, Shift-Dir - straight line, p - skeletal warrior The mass of ice explodes!
The iceblast engulfs the skeletal warrior!
The skeletal warrior partially resists.
The skeletal warrior is almost destroyed.
The skeletal warrior hits you with a +0 scimitar!!
You die...

#.###........##.# #.
#.#..........# #'####
#.#..........# .....#
#.#.##'#'#'### .....#
#.#.<..#.#.# .....#
#.######.#.# .....
#........#.#
....#############'#######
............)<.z@.......#
###)##########..........#
#.##########..........#
#.....#...##..........#
#####)#...##..........#
#).[...##.>........#
#.[รท...##..........#
#......##..........#
#.....>#############


You could see a skeletal warrior (combustible).

Vanquished Creatures
  Erolcha (D:9)
  4 two-headed ogres
  An orc knight (D:10)
  A manticore (D:11)
  An unseen horror (D:8)
  A kobold demonologist (D:10)
  5 unseen horror zombies (D:9)
  2 trolls
  2 shadows (D:10)
  Sigmund (D:6)
  Eustachio (D:6)
  4 wraiths
  A wyvern (D:11)
  9 yaks
  A steam dragon (D:8)
  Menkaure (D:7)
  An acid dragon (D:7)
  7 water moccasins
  3 black bears
  An ice beast (D:7)
  5 orc warriors
  2 sky beasts
  4 ogres
  7 centaurs
  A phantom (D:5)
  Blork the orc (D:6)
  3 kobold brigands
  3 bullfrogs
  2 gnoll sergeants (D:9)
  3 scorpions
  A wight (D:10)
  15 killer bees
  A howler monkey (D:7)
  2 electric eels
  3 centaur zombies (D:9)
  2 jellies
  3 bombardier beetles
  8 orc priests
  4 hounds
  A gnoll bouda (D:5)
  3 iguanas
  Natasha (thrice) (D:3)
  10 orc wizards
  2 howler monkey zombies (D:9)
  17 gnolls
  11 adders
  A shadow imp (D:8)
  6 white imps
  A howler monkey simulacrum (D:10)
  2 ufetubi (D:5)
  4 dart slugs
  35 orcs
  6 ball pythons
  8 endoplasms
  A giant cockroach (D:3)
  2 goblins
  8 hobgoblins
  9 jackals
  A quokka (D:3)
  4 bats
  2 frilled lizards
  23 kobolds
  6 rats
284 creatures vanquished.

Vanquished Creatures (collateral kills)
  A centaur (D:10)
  A foxfire (D:3)
2 creatures vanquished.

Vanquished Creatures (others)
  610 foxfires
610 creatures vanquished.

Grand Total: 896 creatures vanquished

Notes
Turn   | Place    | Note
-------+----------+-------------------------------------------
     0 | D:1      | NormalPerson7 the Human Fire Elementalist began the quest
                  | for the Orb.
     0 | D:1      | Reached XP level 1. HP: 13/13 MP: 3/3
   271 | D:1      | Reached skill level 1 in Fighting
   426 | D:1      | Reached XP level 2. HP: 21/21 MP: 0/5
   429 | D:1      | Learned a level 2 spell: Scorch
  1333 | D:1      | Reached XP level 3. HP: 26/26 MP: 4/6
  1408 | D:2      | Reached skill level 4 in Fire Magic
  1790 | D:2      | Reached XP level 4. HP: 32/32 MP: 3/7
  2267 | D:2      | Reached skill level 5 in Fire Magic
  2562 | D:2      | Reached skill level 1 in Translocations
  2562 | D:2      | Reached XP level 5. HP: 37/37 MP: 2/8
  3107 | D:3      | Noticed Natasha
  3435 | D:3      | Learned a level 3 spell: Volatile Blastmotes
  3781 | D:3      | Noticed a black bear
  3843 | D:3      | Killed Natasha
  3844 | D:3      | Reached XP level 6. HP: 43/43 MP: 6/9
  4160 | D:3      | Noticed Natasha
  4162 | D:3      | Killed Natasha
  4216 | D:3      | Killed a black bear
  4217 | D:3      | Reached skill level 6 in Fire Magic
  4406 | D:3      | Noticed Natasha
  4409 | D:3      | Killed Natasha
  4614 | D:4      | Reached XP level 7. HP: 9/48 MP: 0/10
  5782 | D:4      | Reached skill level 5 in Conjurations
  6073 | D:5      | Entered Level 5 of the Dungeon
  6116 | D:5      | Identified the +8 sling of Compassion {speed, rElec}
  6278 | D:5      | Reached XP level 8. HP: 54/54 MP: 8/11
  6283 | D:5      | Learned a level 4 spell: Flame Wave
  7438 | D:5      | Noticed a two-headed ogre
  7870 | D:6      | Noticed Blork the orc
  8414 | D:5      | Reached skill level 7 in Fire Magic
  8657 | D:5      | Killed a two-headed ogre
  8658 | D:5      | Reached skill level 8 in Fire Magic
  8658 | D:5      | Reached XP level 9. HP: 59/59 MP: 4/12
  8976 | D:6      | Found a staircase to the Ecumenical Temple.
  8985 | Temple   | Entered the Ecumenical Temple
  8986 | Temple   | Upgraded the game from 0.32-a0-791-gfc315c9ecd to
                  | 0.32-a0-798-gfa783ce77f
  8994 | Temple   | Became a worshipper of Vehumet
  9279 | D:6      | Noticed Sigmund
  9403 | D:6      | Killed Blork the orc
  9543 | D:6      | Noticed Eustachio
  9548 | D:6      | Killed Eustachio
  9549 | D:6      | Reached skill level 5 in Spellcasting
  9581 | D:6      | Noticed Grinder
  9780 | D:6      | Found an ornate altar of the Wu Jian Council.
  9783 | D:6      | Found a hide-covered altar of Uskayaw.
 10021 | D:6      | Killed Sigmund
 10538 | D:7      | Reached skill level 1 in Evocations
 10677 | D:7      | Reached * piety under Vehumet
 10677 | D:7      | Offered knowledge of Freeze by Vehumet.
 10958 | D:7      | Noticed Menkaure
 10962 | D:7      | Killed Menkaure
 11079 | D:7      | Reached XP level 10. HP: 68/68 MP: 12/19
 11401 | D:7      | Found Cexzu's Armour Shoppe.
 11627 | D:8      | Found Harytuq's Antique Weapon Emporium.
 12125 | D:8      | Noticed a two-headed ogre
 12127 | D:8      | Reached skill level 5 in Fighting
 12167 | D:8      | Killed a two-headed ogre
 12254 | D:8      | Noticed a two-headed ogre
 12262 | D:8      | Reached ** piety under Vehumet
 12267 | D:8      | Offered knowledge of Sandblast by Vehumet.
 12931 | D:8      | Found a glowing silver altar of Zin.
 13008 | D:8      | Killed an unseen horror
 13234 | D:8      | Killed a two-headed ogre
 13235 | D:8      | Reached skill level 9 in Fire Magic
 13538 | D:9      | Reached skill level 10 in Fire Magic
 13541 | D:9      | Reached XP level 11. HP: 36/81 MP: 4/20
 13664 | D:9      | Noticed Gastronok
 13728 | D:9      | Found Towoguer's General Store.
 13734 | D:9      | Bought a scroll of identify for 30 gold pieces
 13734 | D:9      | Bought a scroll of teleportation for 45 gold pieces
 14034 | D:9      | Offered knowledge of Stone Arrow by Vehumet.
 14039 | D:9      | Learned a level 3 spell: Stone Arrow
 14055 | D:9      | Reached skill level 11 in Fire Magic
 14262 | D:9      | Found a basalt altar of Yredelemnul.
 14472 | D:9      | Reached *** piety under Vehumet
 14483 | D:9      | Learned a level 6 spell: Starburst
 14610 | D:9      | Noticed Erolcha
 14612 | D:9      | Killed Erolcha
 15189 | D:10     | Entered Level 10 of the Dungeon
 15192 | D:10     | Noticed an orc knight
 15205 | D:10     | Killed an orc knight
 15221 | D:10     | Noticed a two-headed ogre
 15231 | D:10     | Killed a two-headed ogre
 15350 | D:10     | Offered knowledge of Mephitic Cloud by Vehumet.
 15364 | D:10     | Reached skill level 10 in Conjurations
 15447 | D:10     | Found a shimmering blue altar of Sif Muna.
 15567 | D:10     | Reached skill level 1 in Air Magic
 15879 | D:10     | Found Goasiudd's Book Emporium.
 15888 | D:10     | Found a staircase to the Orcish Mines.
 16340 | D:11     | Noticed a manticore
 16370 | D:11     | Noticed a skeletal warrior
 16370 | D:11     | Noticed a skeletal warrior
 16370 | D:11     | Noticed a skeletal warrior
 16370 | D:11     | Noticed a cyclops
 16371 | D:11     | Noticed a skeletal warrior
 16570 | D:11     | Reached XP level 12. HP: 88/88 MP: 13/21
 16650 | D:11     | Reached skill level 5 in Air Magic
 16790 | D:11     | Reached **** piety under Vehumet
 17086 | D:11     | Offered knowledge of Ignite Poison by Vehumet.
 17408 | D:11     | Mangled by a skeletal warrior

Illustrated notes

Levels and vault maps discovered:
D:1:      amcnicky_arrival_choice, layout_loops_ring
D:2:      layout_rooms, serial_glass, glass_columns_b, glass_columns_b
D:3:      layout_loops_ring, st_stairs_10, dreamdust_princess_bridge,
          uniq_natasha
D:4:      layout_basic, serial_co_window_serial, co_window_paths_a,
          co_window_paths_a, co_window_corner_a, co_window_corner_a,
          co_window_paths_b, co_window_unsneaky_path_e, co_window_corner_ca,
          co_window_2corner, co_window_unsneaky_path_d, co_window_4corner_b,
          co_window_paths_d, glass_columns_a, glass_columns_b, glass_columns_a
D:5:      layout_basic, dk_noncrumbling_2
D:6:      layout_basic, amethyst_overflow_temple_binary,
          minmay_temple_entry_antechambers, uniq_eustachio, uniq_sigmund,
          uniq_grinder, uniq_blork_the_orc
D:7:      layout_cave_pools, serial_shops, shop, minmay_misc_feat_five,
          lightli_minifort, uniq_menkaure
D:8:      layout_loops_ring, lemuel_round_altar, serial_shops,
          nicolae_stop_n_shop_1, minmay_diamond_spiral
D:9:      layout_roguey, nicolae_yredelemnul_corpse_copse, serial_shops,
          nicolae_shop_tiny_real_fake_doors, uniq_erolcha, uniq_gastronok
D:10:     layout_big_octagon, serial_shops, nicolae_shop_trees,
          chequers_serial_rivers_micro_e, minmay_ruined_shrine
D:11:     layout_basic, due_lair_maze_entry_diamond, grunt_ministairs_13
Temple:   nicolae_temple_two_arcs

Skill      XL: |  1  2  3  4  5  6  7  8  9 10 11 12 |
---------------+-------------------------------------+-----
Fighting       | 1 2 6 |  6.0
Fire Magic     | 4 5 6 8 10 11 | 11.8
Translocations | 1 3 |  3.0
Conjurations   | 3 6 8 10 | 10.0
Spellcasting   | 6 |  6.0
Evocations     | 4 |  4.0
Dodging        | 3 |  3.3
Air Magic      | 4 6 |  6.3
Stealth        | |  2.0

Action                     |  1- 3 |  4- 6 |  7- 9 | 10-12 || total
---------------------------+-------+-------+-------+-------++-------
  Melee: Staff             |       |     2 |       |       ||     2
   Fire: Sling             |       |     5 |     1 |     3 ||     9
  Throw: Dart              |       |       |     1 |     3 ||     4
   Cast: Foxfire           |    51 |    77 |   130 |   124 ||   382
         Scorch            |     5 |     9 |    38 |    55 ||   107
         Volatile Blastmot |       |     1 |     4 |    16 ||    21
         Flame Wave        |       |       |     3 |    26 ||    29
         Stone Arrow       |       |       |       |    26 ||    26
         Starburst         |       |       |       |    16 ||    16
  Evoke: Wand              |       |       |       |    12 ||    12
    Use: Scroll            |       |     1 |    12 |     6 ||    19
         Potion            |       |       |       |     1 ||     1
 Armour: Robe              |     5 |    17 |    30 |     2 ||    54
         Steam dragon scal |       |       |       |   155 ||   155
         Acid dragon scale |       |       |       |     3 ||     3
  Dodge: Dodged            |     6 |    10 |    24 |   113 ||   153

Table legend: (Time is in decaauts)
 A = Elapsed time spent in this place.
 B = Non-inter-level travel time spent in this place.
 C = Inter-level travel time spent in this place.
 D = Time resting spent in this place.
 E = Time spent auto-exploring this place.
 F = Levels seen in this place.
 G = Mean time per level.
                   A        B        C        D        E       F      G
               +--------+--------+--------+--------+--------+-----+--------+
         Total |  17427 |  13537 |   3890 |   5185 |   1607 |  12 | 1452.2 |
       Dungeon |  17408 |  13534 |   3874 |   5185 |   1607 |  11 | 1582.5 |
        Temple |     18 |      2 |     16 |      0 |      0 |   1 |   18.0 |
               +--------+--------+--------+--------+--------+-----+--------+

Top non-repeatable levels by time:
     D:5: 2690 daAuts
     D:9: 2018 daAuts
     D:3: 1749 daAuts
     D:4: 1733 daAuts
     D:8: 1683 daAuts
     D:2: 1465 daAuts
     D:1: 1448 daAuts
     D:7: 1341 daAuts
    D:10: 1339 daAuts
     D:6: 1335 daAuts
    D:11: 602 daAuts
  Temple: 18 daAuts
